 Dungeon Crawl Stone Soup version 0.24-a0-446-g87df720 (console) character file.

Game seed: 9090268138132391333

91556 jejorda2 the Deadly Accurate (level 15, -9/134 HPs)
             Began as a Centaur Hunter on June 22, 2019.
             Was the Champion of Okawaru.
             Mangled by a rakshasa (illusionary)
             ... wielding a +0 whip
              (12 damage)
             ... on level 15 of the Dungeon on June 24, 2019.
             The game lasted 01:54:50 (28177 turns).

jejorda2 the Deadly Accurate (Centaur Hunter)      Turns: 28177, Time: 01:54:51

Health: -9/134     AC:  7    Str: 19    XL:     15   Next: 55%
Magic:  26/30      EV: 19    Int: 10    God:    Okawaru [******]
Gold:   795        SH:  0    Dex: 20    Spells: 14/14 levels left

rFire    + . .     SeeInvis .   a - +2 hand axe (elec)
rCold    + + .     Gourm    .   (no shield)
rNeg     . . .     Faith    +   Q - +0 troll leather armour
rPois    +         Spirit   .   R - +2 helmet
rElec    .         Reflect  .   G - +0 cloak
rCorr    .         Harm     .   u - +2 pair of gloves {archery}
MR       +....                  X - +1 centaur barding {rC+}
Stlth    +++++.....             c - amulet "Xedoak" {Faith rC+ MP+9 Str+3}
HPRegen  0.72/turn              b - ring of Ehoqugha {rPois Dex+5 Slay+6}
MPRegen  0.22/turn              j - ring of protection from fire

@: heroism, finesse, corroded, very quick
A: large, hooves 3, deformed body, speed 2, tough skin 3
a: Heroism, Finesse, Renounce Religion


You were on level 15 of the Dungeon.
You worshipped Okawaru.
Okawaru was exalted by your worship.
You were not hungry.

You visited 3 branches of the dungeon, and saw 22 of its levels.
You also visited: Ice Cave.

You collected 3906 gold pieces.
You spent 3111 gold pieces at shops.

Inventory:

Hand Weapons
 a - a +2 hand axe of electrocution (weapon)
 k - a +4 battleaxe of freezing
Missiles
 m - 7 silver boomerangs
 o - 24 atropa-tipped darts
 q - 11 boomerangs of dispersal
 w - 29 poisoned darts
 y - 2 throwing nets {!f}
 B - 12 boomerangs
 C - 14 curare-tipped darts
 P - 36 silver javelins (quivered)
 V - 2 javelins
Armour
 u - a +2 pair of gloves of archery (worn)
 G - a +0 cloak (worn)
 Q - a +0 troll leather armour (worn)
 R - a +2 helmet (worn)
 X - a +1 centaur barding of cold resistance (worn)
Jewellery
 b - the ring of Ehoqugha (left hand) {rPois Dex+5 Slay+6}
   (You bought it in a shop on level 8 of the Dungeon)

   [ring of poison resistance]

   It affects your dexterity (+5).
   It affects your accuracy and damage with ranged weapons and melee attacks
   (+6).
   It protects you from poison.
 c - the amulet "Xedoak" (around neck) {Faith rC+ MP+9 Str+3}
   (You bought it in a shop on level 8 of the Dungeon)

   [amulet of faith]

   It allows you to gain divine favour quickly.
   It affects your strength (+3).
   It protects you from cold.
   It affects your magic capacity (+9).
 j - a ring of protection from fire (right hand)
 x - an uncursed ring of positive energy
 S - an uncursed ring of protection from cold
 Z - an uncursed amulet of rage {unknown}
Wands
 p - a wand of paralysis (14)
 v - a wand of polymorph (25)
 A - a wand of iceblast (21)
 F - a wand of enslavement (8)
 I - a wand of flame (48)
 J - a wand of acid (12)
 T - a wand of digging (3)
Scrolls
 h - 5 scrolls of remove curse
 i - 8 scrolls of teleportation
 l - 5 scrolls of fog
 n - 2 scrolls of fear
 z - 8 scrolls of identify
 Y - a scroll of magic mapping
Potions
 e - 10 potions of curing
 g - a potion of flight
 r - a potion of agility
 s - 7 potions of haste
 t - 4 potions of might
 D - 2 potions of berserk rage
 E - 3 potions of invisibility
 K - 4 potions of resistance
 U - 2 potions of heal wounds
Miscellaneous
 L - a lightning rod (4/4)
 W - a box of beasts
Comestibles
 d - 7 chunks of flesh
 f - 69 rations


   Skills:
 + Level 12.7(17.7) Fighting
 - Level 16.0(21.0) Throwing
 - Level 7.0(12.0) Armour
 + Level 9.3(14.3) Dodging
 + Level 7.6(12.6) Stealth
 - Level 8.0 Invocations
 + Level 5.9 Evocations


You had 14 spell levels left.
You didn't know any spells.
Your spell library contained the following spells:

 Spells                   Type           Power        Failure   Level  Hunger
 Sting                    Conj/Pois      #...         38%         1    ##.....
 Poisonous Vapours        Pois/Air       #.....       54%         2    ###....
 Song of Slaying          Chrm           #.......     54%         2    ###....
 Conjure Flame            Conj/Fire      #.......     77%         3    ####...
 Mephitic Cloud           Conj/Pois/Air  #.......     77%         3    ####...
 Ozocubu's Armour         Chrm/Ice       #.......     77%         3    ####...
 Vampiric Draining        Necr           #.........   77%         3    ####...
 Cause Fear               Hex            #.........   99%         4    #####..
 Ice Form                 Ice/Tmut       #.......     99%         4    #####..
 Olgreb's Toxic Radiance  Pois           #.......     99%         4    #####..
 Excruciating Wounds      Chrm/Necr      #.........   100%        5    ######.
 Iskenderun's Battlesphe  Conj/Chrm      #.......     100%        5    ######.
 Metabolic Englaciation   Hex/Ice        #.........   100%        5    ######.
 Silence                  Hex/Air        #.........   100%        5    ######.
 Venom Bolt               Conj/Pois      #.........   100%        5    ######.
 Yara's Violent Unravell  Hex/Tmut       #.........   100%        5    ######.
 Bolt of Cold             Conj/Ice       #.........   100%        6    #######
 Deflect Missiles         Chrm/Air       #.........   100%        6    #######
 Freezing Cloud           Conj/Ice/Air   #.........   100%        6    #######
 Ozocubu's Refrigeration  Ice            #.........   100%        6    #######
 Simulacrum               Ice/Necr       #.........   100%        6    #######
 Ring of Flames           Chrm/Fire      #.........   100%        7    #######
 Discord                  Hex            #.........   100%        8    #######


Dungeon Overview and Level Annotations

Branches:
Dungeon (15/15)            Temple (1/1) D:7            Lair (6/6) D:9
 Shoals (0/4) Lair:2        Snake (0/4) Lair:2        Slime (0/5) Lair:6
    Orc (0/2) D:9          Vaults (0/5) D:14         Depths (0/5) D:15

Altars:
Cheibriados
Dithmenos
Elyvilon
Fedhas
Gozag
Hepliaklqana
Kikubaaqudgha
Makhleb
Okawaru
Qazlal
Ru
Sif Muna
Uskayaw
Vehumet
Wu Jian
Xom
Yredelemnul
The Shining One
Jiyva

Shops:
D:4 !   D:8 =   D:13 }

Annotations:
D:3 2 runed translucent doors, Belboz's ghost, amateur FoFi
D:11 exclusion: orange crystal statue
D:13 3 runed translucent doors, BubbleThief's ghost, journeyman VSAs; DankestMemes's ghost, journeyman GrEE
Lair:1 3 runed translucent doors, Fak's ghost, novice MiMo; Zuecyug's ghost, journeyman TrMo
Lair:6 1 runed translucent door


Innate Abilities, Weirdness & Mutations

You have hooves in place of feet.
Armour fits poorly on your strangely shaped body.
You cover ground very quickly.
You have extremely tough skin. (AC +3)


Message History

The acid dragon claws you.
* * * LOW HITPOINT WARNING * * *
The acid dragon bites you.
* * * LOW HITPOINT WARNING * * *
The acid dragon barely misses you.
Unknown command.
Unknown command.
Unknown command.
Unknown command.
Unknown command.
Unknown command.
As you read the scroll of fear, it crumbles to dust.
You assume a fearsome visage.
The rakshasa is unaffected.
The acid dragon looks frightened! x3; The rakshasa is unaffected. x2
The rakshasa hits you with a +0 whip!
* * * LOW HITPOINT WARNING * * *
The rakshasa misses you.
You open the door. The rakshasa misses you.
The rakshasa hits you with a +0 whip!
You die...

......#.#.# #......#
.......#.#.# #......#
.......#.#.# #......#
#.........# #....###
#.........# ####...)# #
#..D....D.# ........###
##.....))).# #.#.....##.
.......RR..###.#.....##.
....D..@R(...#.#.....##.
..#+####'#(#.#.......#..
.#.#.#.##....###
.#.(.#.##....###
.#.#(...........
.#.#.#.#####....
.###.#.# ###.... ..
..#.#...#.###
####.#.#.#.#


You could see 3 rakshasas and 3 acid dragons.

Vanquished Creatures
  Agnes (D:14)
  A frost giant (IceCv)
  A caustic shrike skeleton (D:15)
  Nessos (Lair:4)
  Snorg (Lair:6)
  8 hydras
  2 catoblepae (Lair:6)
  A centaur warrior (D:15)
  A two-headed ogre (D:13)
  2 dancing weapons (D:14)
  2 death knights
  2 tengu warriors
  6 skeletal warriors
  A flayed ghost (D:15)
  3 unseen horrors
  A deep elf mage (D:13)
  A necromancer (D:15)
  A lindwurm (Lair:6)
  A wolf spider (Lair:6)
  4 ugly things
  A fire giant zombie (D:15)
  A salamander (shapeshifter) (D:14)
  3 manticores
  4 cyclopes
  A centaur zombie (D:15)
  Joseph (Lair:1)
  An ice statue (IceCv)
  18 elephants
  4 black mambas
  A guardian serpent (shapeshifter) (D:14)
  18 spiny frogs
  A kobold demonologist (D:9)
  2 freezing wraiths (D:15)
  7 komodo dragons
  An efreet (D:14)
  6 rime drakes
  A redback zombie (D:13)
  A tengu conjurer (D:14)
  9 meliai
  7 trolls
  A queen bee (Lair:5)
  24 polar bears
  7 slime creatures
  3 dream sheep
  A spriggan zombie (D:15)
  5 blink frogs (Lair:6)
  A raiju (Lair:6)
  12 hippogriffs
  A snapping turtle (Lair:2)
  3 shadows
  Sigmund (D:2)
  3 wraiths
  62 yaks
  A wyvern (Lair:3)
  6 basilisks
  2 hungry ghosts
  4 vampire mosquitoes
  6 wargs (Lair:6)
  13 water moccasins
  2 acid dragons
  14 hell hounds (Lair:6)
  4 sky beasts
  8 orc warriors
  5 porcupines
  Duvessa (D:4)
  11 black bears (Lair:6)
  3 hornet zombies
  A swamp drake (D:9)
  9 ogres
  An eye of draining (D:15)
  4 ice beasts
  3 necrophages
  10 centaurs
  A phantom (D:9)
  36 wolves
  8 crocodiles
  3 big kobolds (D:9)
  A yaktaur zombie (D:15)
  11 bullfrogs
  2 gnoll sergeants
  A water moccasin zombie (D:9)
  A wyvern zombie (D:8)
  A scorpion (D:9)
  Dowan (D:4)
  32 killer bees
  13 wights
  A howler monkey (D:10)
  An electric eel (Lair:2)
  11 crimson imps
  A bullfrog zombie (D:5)
  4 jellies
  5 orc priests
  6 hounds
  16 orc wizards
  A quasit (D:10)
  A bullfrog skeleton (D:9)
  3 centaur skeletons
  Terence (D:3)
  3 iguanas
  12 worker ants
  A hound zombie (D:7)
  2 mummies (D:9)
  3 hound skeletons
  A worker ant zombie (D:8)
  19 gnolls
  14 adders
  6 shadow imps
  12 white imps (Lair:2)
  2 oozes
  2 worms (D:3)
  4 dart slugs
  6 leopard geckos
  53 orcs
  A ball python (D:3)
  8 giant cockroaches
  5 goblins
  10 hobgoblins
  16 jackals
  9 kobolds
  4 quokkas
  6 bats
  3 frilled lizards
  A jackal zombie (D:7)
  A leopard gecko skeleton (D:9)
  A quokka skeleton (D:8)
  15 rats
  A plant (Lair:6)
  3 withered plants (D:15)
747 creatures vanquished.

Vanquished Creatures (others)
  2 polar bears (IceCv)
  2 yaks (IceCv)
  2 wolves (IceCv)
  2 fungi (Lair:6)
  8 plants (Lair:6)
  4 withered plants (Lair:1)
20 creatures vanquished.

Grand Total: 767 creatures vanquished

Notes
Turn   | Place    | Note
-------+----------+-------------------------------------------
     0 | D:1      | jejorda2 the Centaur Hunter began the quest for the Orb.
     0 | D:1      | Reached XP level 1. HP: 17/17 MP: 1/1
   449 | D:1      | Reached XP level 2. HP: 23/25 MP: 2/2
   678 | D:1      | Reached skill level 5 in Throwing
   678 | D:1      | Reached XP level 3. HP: 13/30 MP: 3/3
  1179 | D:2      | Found a stormy altar of Qazlal.
  1471 | D:2      | Found a faded altar of an unknown god.
  1583 | D:2      | Reached XP level 4. HP: 33/38 MP: 4/4
  1967 | D:2      | Noticed Sigmund
  1979 | D:2      | Killed Sigmund
  1979 | D:2      | Reached skill level 6 in Throwing
  1979 | D:2      | Reached XP level 5. HP: 36/47 MP: 5/5
  2279 | D:3      | Found a large runed translucent door.
  2287 | D:3      | Reached XP level 6. HP: 43/53 MP: 6/6
  2289 | D:3      | Found a large runed translucent door.
  2289 | D:3      | Noticed Belboz's ghost (amateur FoFi)
  2418 | D:3      | Reached skill level 5 in Fighting
  2490 | D:3      | Noticed Terence
  2502 | D:3      | Killed Terence
  3240 | D:4      | Found a sacrificial altar of Ru.
  3294 | D:4      | Reached skill level 7 in Throwing
  3297 | D:4      | Reached skill level 1 in Evocations
  3297 | D:4      | Reached XP level 7. HP: 61/61 MP: 7/7
  3693 | D:4      | Found Viugg's Distillery.
  3708 | D:4      | Bought a potion of flight for 33 gold pieces
  3851 | D:4      | Noticed Duvessa
  3851 | D:4      | Noticed Dowan
  3857 | D:4      | Killed Dowan
  3875 | D:4      | Killed Duvessa
  4109 | D:5      | Entered Level 5 of the Dungeon
  4185 | D:5      | Found a hide-covered altar of Uskayaw.
  4337 | D:5      | Found a blossoming altar of Fedhas.
  4611 | D:5      | Reached skill level 8 in Throwing
  4611 | D:5      | Reached XP level 8. HP: 60/71 MP: 10/10
  5886 | D:6      | Reached skill level 9 in Throwing
  6214 | D:6      | Found a hazy altar of Hepliaklqana.
  6419 | D:6      | Found a glowing golden altar of the Shining One.
  6434 | D:6      | Found a white marble altar of Elyvilon.
  6864 | D:7      | Reached XP level 9. HP: 81/81 MP: 12/12
  7066 | D:7      | Reached skill level 10 in Throwing
  7800 | D:7      | Reached skill level 11 in Throwing
  8047 | D:7      | Reached skill level 1 in Stealth
  8156 | D:7      | Reached skill level 1 in Armour
  8369 | D:7      | Found a staircase to the Ecumenical Temple.
  8382 | Temple   | Entered the Ecumenical Temple
  8427 | Temple   | Became a worshipper of Warmaster Okawaru
  8633 | D:8      | Reached XP level 10. HP: 91/91 MP: 13/13
  8759 | D:8      | Found Teas's Jewellery Boutique.
  8764 | D:8      | Bought a cursed ring of teleportation for 63 gold pieces
  9318 | D:8      | Reached skill level 1 in Invocations
  9798 | D:8      | Found a basalt altar of Yredelemnul.
  9984 | D:9      | Noticed an orange demon
 10038 | D:9      | Reached * piety under Okawaru
 10837 | D:9      | Found a staircase to the Lair.
 11106 | D:9      | Found a staircase to the Orcish Mines.
 11479 | D:9      | Reached ** piety under Okawaru
 11701 | D:9      | Noticed a three-headed hydra
 11708 | D:9      | Killed a one-headed hydra
 11837 | D:9      | Identified the Volume of Helpful Black Magic
 12229 | D:10     | Entered Level 10 of the Dungeon
 12255 | D:10     | Reached XP level 11. HP: 97/97 MP: 14/14
 12331 | D:10     | Reached *** piety under Okawaru
 12683 | D:10     | Reached skill level 12 in Throwing
 12699 | D:10     | Killed an unseen horror
 12906 | D:10     | Paralysed by an orc for 7 turns
 13335 | D:10     | Noticed a purple ugly thing
 13353 | D:10     | Killed a purple ugly thing
 13515 | D:10     | Found a shimmering altar of Xom.
 13775 | D:11     | Noticed an orange crystal statue
 13778 | D:11     | Loot Orange Crystal Statue
 13846 | D:11     | Reached **** piety under Okawaru
 14554 | D:11     | Noticed a brown ugly thing
 14564 | D:11     | Killed a brown ugly thing
 14564 | D:11     | Received a gift from Okawaru
 14564 | D:11     | Reached skill level 5 in Dodging
 15094 | D:12     | Received a gift from Okawaru
 15117 | D:12     | Reached skill level 5 in Armour
 15423 | D:12     | Noticed a green ugly thing
 15437 | D:12     | Killed a green ugly thing
 15437 | D:12     | Reached ***** piety under Okawaru
 15437 | D:12     | Reached skill level 13 in Throwing
 15437 | D:12     | Reached XP level 12. HP: 62/105 MP: 15/15
 15698 | D:12     | Noticed a death knight
 15714 | D:12     | Killed a death knight
 15845 | D:12     | Received a gift from Okawaru
 15851 | D:12     | Received a gift from Okawaru
 16025 | D:12     | Found an opulent altar of Gozag.
 16112 | Lair:1   | Entered Level 1 of the Lair of Beasts
 16437 | Lair:1   | Noticed Joseph
 16449 | Lair:1   | Killed Joseph
 16504 | Lair:1   | Noticed a six-headed hydra
 16508 | Lair:1   | Killed a six-headed hydra
 16508 | Lair:1   | Received a gift from Okawaru
 16508 | Lair:1   | Reached skill level 14 in Throwing
 16666 | Lair:1   | Found a runed translucent gate.
 16666 | Lair:1   | Found a runed translucent gate.
 16666 | Lair:1   | Found a runed translucent gate.
 16671 | Lair:1   | Noticed Fak's ghost (novice MiMo)
 16671 | Lair:1   | Noticed Zuecyug's ghost (journeyman TrMo)
 17057 | Lair:2   | Found a frozen archway.
 17183 | IceCv    | Entered an ice cave
 17309 | IceCv    | Received a gift from Okawaru
 17623 | IceCv    | Got an encrusted rapier
 17624 | IceCv    | Identified the +6 rapier "Cooprol" {flame, *Drain MR+
                  | Dex+5} (You found it in an ice cave)
 17677 | IceCv    | Reached skill level 5 in Invocations
 17680 | IceCv    | HP: 4/105 [wolf (8)]
 18016 | IceCv    | Received a gift from Okawaru
 18209 | IceCv    | Reached skill level 15 in Throwing
 18325 | IceCv    | Received a gift from Okawaru
 18552 | IceCv    | Received a gift from Okawaru
 18554 | IceCv    | Reached XP level 13. HP: 37/111 MP: 12/17
 18723 | IceCv    | Noticed a frost giant
 18735 | IceCv    | Killed a frost giant
 18989 | Lair:2   | Received a gift from Okawaru
 19436 | Lair:2   | Found a staircase to the Snake Pit.
 19939 | Lair:2   | Found a staircase to the Shoals.
 19953 | Lair:2   | Received a gift from Okawaru
 20044 | Lair:2   | Upgraded the game from 0.24-a0-445-gd5110b0 to
                  | 0.24-a0-446-g87df720
 20235 | D:8      | Bought the ring of Ehoqugha {rPois Dex+5 Slay+6} for 877
                  | gold pieces
 20646 | Lair:3   | Reached skill level 16 in Throwing
 20719 | Lair:3   | Received a gift from Okawaru
 21520 | Lair:4   | Received a gift from Okawaru
 21521 | Lair:4   | Got a tiger eye-studded scale mail {god gift}
 21550 | Lair:4   | Identified the +0 scale mail "Beifo" {rElec rF- Int+2}
                  | (Okawaru gifted it to you on level 4 of the Lair of Beasts)
 21576 | Lair:4   | Noticed Nessos
 21587 | Lair:4   | Killed Nessos
 21819 | Lair:4   | Identified a scroll of acquirement
 21979 | D:8      | Bought the amulet "Xedoak" {Faith rC+ MP+9 Str+3} for 1108
                  | gold pieces
 21987 | D:8      | Bought an uncursed ring of protection from fire for 350
                  | gold pieces
 22211 | Lair:5   | Reached skill level 10 in Fighting
 22811 | Lair:5   | Reached skill level 5 in Stealth
 22873 | Lair:5   | Received a gift from Okawaru
 22877 | Lair:5   | Got a fine hand axe {god gift}
 22880 | Lair:5   | Reached XP level 14. HP: 101/122 MP: 20/20
 22903 | Lair:5   | Identified the +5 hand axe "Mugihawn" {chop, Dex+3}
                  | (Okawaru gifted it to you on level 5 of the Lair of Beasts)
 23411 | Lair:6   | Entered Level 6 of the Lair of Beasts
 23473 | Lair:6   | Reached ****** piety under Okawaru
 23741 | Lair:6   | Found a runed translucent door.
 23743 | Lair:6   | Found a viscous altar of Jiyva.
 23744 | Lair:6   | Found a staircase to the Slime Pits.
 23957 | Lair:6   | Received a gift from Okawaru
 23960 | Lair:6   | Noticed Snorg
 23962 | Lair:6   | Received a gift from Okawaru
 23969 | Lair:6   | Killed Snorg
 23983 | Lair:6   | Received a gift from Okawaru
 24414 | Lair:6   | Received a gift from Okawaru
 24445 | Lair:6   | Received a gift from Okawaru
 25369 | Lair:6   | Got a polished great mace
 25370 | Lair:6   | Identified the +7 great mace of Sharkskin {speed, *Corrode
                  | MR++ SInv} (You found it on level 6 of the Lair of Beasts)
 25767 | D:13     | Found a runed translucent gate.
 25768 | D:13     | Found a runed translucent gate.
 25768 | D:13     | Found a runed translucent gate.
 25768 | D:13     | Noticed BubbleThief's ghost (journeyman VSAs)
 25768 | D:13     | Noticed DankestMemes's ghost (journeyman GrEE)
 25956 | D:13     | Found Miad's Gadget Shoppe.
 25962 | D:13     | Bought a lightning rod (4/4) for 680 gold pieces
 26156 | D:13     | Reached XP level 15. HP: 130/132 MP: 21/21
 26369 | D:13     | Received a gift from Okawaru
 27169 | D:14     | Found a gate to the Vaults.
 27219 | D:14     | Noticed Agnes
 27235 | D:14     | Killed Agnes
 27235 | D:14     | Reached skill level 5 in Evocations
 27627 | D:15     | Entered Level 15 of the Dungeon
 27724 | D:15     | Found a staircase to the Depths.
 27848 | D:15     | Received a gift from Okawaru
 28176 | D:15     | HP: 2/134 [rakshasa/+0 whip (15)]
 28177 | D:15     | Mangled by a rakshasa (illusionary)

Levels and vault maps discovered:
D:1:      erik_arrival_cave_to_civilisation [erik_arrival_cave_to_hall],
          layout_rooms, serial_corexii_hall, chequers_hall_statues_wall_a,
          corexii_hall_statues_i, chequers_garden
D:2:      layout_basic, grunt_qazlal_clouds, chequers_ecumenical_altar_island,
          uniq_sigmund
D:3:      layout_basic, ebering_ghost_disaster_area, first_ration,
          kennysheep_generic_room_2, uniq_terence
D:4:      layout_gridville, nicolae_ru_sacrificial_ziggurat, serial_shops, shop,
          minmay_crossroads, uniq_duvessa
D:5:      layout_cave_pods, eat_drink_and_be_merry_uskayaw,
          fedhas_ov_isle_minmay
D:6:      layout_loops_cross, overflow_temple_1_default,
          nicolae_overflow_crystal_walls, overflow_temple_1_default
D:7:      layout_loops_cross, minmay_temple_entry_glassed_door
D:8:      layout_gridville, lemuel_coloured_pillars_altar, serial_shops, shop
D:9:      layout_loops_ring, lair_entry_dummy, erik_orc_1, serial_undead,
          serial_undead_a, serial_undead_c, serial_undead_b, serial_undead_d,
          hangedman_ranch [blue_anna_fruit_fields], minmay_radiant
D:10:     layout_irregular_city, minivault_20, tgw_xom
D:11:     layout_layer_cave, minmay_protected_statue
D:12:     layout_basic, grunt_gozag_breadcrumbs
D:13:     layout_irregular_city, gammafunk_ghost_cemetery, serial_shops, shop
D:14:     layout_basic, erik_vaults_1, hex_tiny, minmay_variable_closet,
          uniq_agnes
D:15:     gammafunk_depths_entry_grave, layout_basic, fountainhead,
          minmay_the_grid_square_5x5_3x3_mashed
          [minmay_the_grid_square_5x5_n_small,
          minmay_the_grid_square_5x5_half_checkered,
          minmay_the_grid_square_5x5_three_walls,
          minmay_the_grid_square_5x5_slash,
          minmay_the_grid_square_5x5_megaprize_hollow,
          minmay_the_grid_square_5x5_two_walls_b,
          minmay_the_grid_square_5x5_percent,
          minmay_the_grid_square_5x5_hourglass,
          minmay_the_grid_square_5x5_misaligned], uniq_kirke
Temple:   regret_index_temple_waves
Lair:1:   layout_chaotic_city, gammafunk_ghost_cemetery, uniq_joseph
Lair:2:   layout_regular_city, minmay_shoals_entry_hut, dummy_snake_entry,
          portal_ice_cave_entry_imps
Lair:3:   layout_concentric_octagons, beast_lair_carwin_9
Lair:4:   layout_roguey, uniq_nessos
Lair:5:   layout_roguey, special_room [special_room_bee], grunt_megastairs_3
Lair:6:   hangedman_lair_caniforms_friends, layout_regular_city,
          hangedman_lair_in_review, slime_altar_2, uniq_snorg

Skill      XL: |  1  2  3  4  5  6  7  8  9 10 11 12 13 14 15 |
---------------+----------------------------------------------+-----
Throwing       | 5 6 7 8 9 11 13 15 16 | 16.0
Fighting       | 3 4 5 6 7 9 10 12 | 12.7
Evocations     | 1 3 4 5 |  5.9
Stealth        | 1 3 4 5 6 7 |  7.6
Armour         | 1 3 5 6 7 |  7.0
Dodging        | 2 3 5 6 8 9 |  9.3
Invocations    | 4 6 8 |  8.0

Action                   |  1- 3 |  4- 6 |  7- 9 | 10-12 | 13-15 || total
-------------------------+-------+-------+-------+-------+-------++-------
Melee: Short sword       |    65 |       |       |       |       ||    65
       Kick              |    13 |    40 |   107 |   256 |   253 ||   669
       Dagger            |    33 |   138 |   354 |    72 |       ||   597
       Hand axe          |       |       |       |   842 |   578 ||  1420
       Falchion          |       |       |       |     5 |       ||     5
       Punch             |       |       |       |     7 |     2 ||     9
       Battleaxe         |       |       |       |     8 |       ||     8
Throw: Javelin           |     3 |     2 |     9 |    51 |   245 ||   310
       Dart              |       |     4 |    84 |    46 |    19 ||   153
       Boomerang         |       |       |    12 |    75 |    34 ||   121
       Throwing net      |       |       |       |     2 |     1 ||     3
Invok: Heroism           |       |       |       |    24 |    13 ||    37
       Finesse           |       |       |       |     2 |     4 ||     6
Evoke: Wand              |       |       |       |       |     1 ||     1
  Use: Scroll            |       |    14 |     5 |     5 |     9 ||    33
       Potion            |       |       |       |     3 |     1 ||     4
 Stab: Confused          |       |       |       |     1 |       ||     1
       Sleeping          |       |       |       |     1 |     8 ||     9
       Invisible         |       |       |       |       |     3 ||     3
       Distracted        |       |       |       |       |     1 ||     1
  Eat: Chunk             |     1 |     5 |    13 |    29 |    23 ||    71
       Ration            |       |       |       |     1 |     1 ||     2
Armor: Leather armour    |    34 |    19 |       |       |       ||    53
       Scale mail        |       |    34 |   173 |   270 |       ||   477
       Troll leather arm |       |       |       |   263 |   434 ||   697
Dodge: Dodged            |    48 |    54 |   114 |   613 |   713 ||  1542
       Rpst.: Falchion   |       |       |       |     2 |       ||     2

Table legend:
 A = Non-vault XP
 B = Vault XP
 C = Vault XP percentage of total XP
 D = Non-vault monster count
 E = Vault monster count
 F = Vault count percentage of total count
                 A         B        C        D         E       F
            +---------+---------+-------+---------+---------+-------
      Total |   73798 |   56997 |  43.6 |     501 |     242 |  32.6
            +---------+---------+-------+---------+---------+-------
        D:1 |      61 |       3 |   4.7 |      27 |       2 |   6.9
        D:2 |      67 |     220 |  76.7 |      18 |       1 |   5.3
        D:3 |     228 |      39 |  14.6 |      30 |       4 |  11.8
        D:4 |     229 |     205 |  47.2 |      11 |       3 |  21.4
        D:5 |     674 |       0 |   0.0 |      20 |       0 |   0.0
        D:6 |    1013 |       0 |   0.0 |      24 |       0 |   0.0
        D:7 |    2788 |       0 |   0.0 |      37 |       0 |   0.0
        D:8 |     805 |       0 |   0.0 |      31 |       0 |   0.0
        D:9 |    1024 |    3501 |  77.4 |      25 |      35 |  58.3
       D:10 |    3745 |     956 |  20.3 |      40 |       7 |  14.9
       D:11 |    2818 |       0 |   0.0 |      12 |       0 |   0.0
       D:12 |    8525 |       0 |   0.0 |      30 |       0 |   0.0
       D:13 |    7661 |       0 |   0.0 |      30 |       0 |   0.0
       D:14 |    6431 |    3687 |  36.4 |      28 |       3 |   9.7
       D:15 |    6101 |    7460 |  55.0 |      18 |      12 |  40.0
     Lair:1 |    2533 |     471 |  15.7 |       6 |       1 |  14.3
     Lair:2 |    3304 |     371 |  10.1 |      16 |      13 |  44.8
     Lair:3 |    4431 |    1638 |  27.0 |      18 |       5 |  21.7
     Lair:4 |    2438 |    1260 |  34.1 |      11 |       1 |   8.3
     Lair:5 |    7193 |    5671 |  44.1 |      25 |      34 |  57.6
     Lair:6 |   11729 |   20378 |  63.5 |      44 |      75 |  63.0
      IceCv |       0 |   11137 | 100.0 |       0 |      46 | 100.0
            +---------+---------+-------+---------+---------+-------
